 Dungeon Crawl Stone Soup version 0.26-a0-611-g354ed81502 (webtiles) character file.

Game seed: 7902896115968064824

34 MrRokkomies the Stinger (level 3, -2/21 HPs)
             Began as an Octopode Venom Mage on Sept 7, 2020.
             Was an Initiate of Vehumet.
             Slain by Natasha (6 damage)
             ... on level 3 of the Dungeon.
             The game lasted 00:03:07 (1894 turns).

MrRokkomies the Stinger (Octopode Venom Mage)       Turns: 1894, Time: 00:03:08

Health: -2/21      AC:  1    Str:  7    XL:     3   Next: 31%
Magic:  6/6        EV: 14    Int: 18    God:    Vehumet [......]
Gold:   156        SH:  0    Dex: 12    Spells: 3/6 levels left

rFire    . . .     SeeInvis .   d - +0 hand axe
rCold    . . .     Faith    .   (no shield)
rNeg     . . .     Spirit   .   (helmet restricted)
rPois    .         Reflect  .   (no amulet)
rElec    .         Harm     .   (no ring)
rCorr    .                      (no ring)
MR       .....                  (no ring)
Stlth    +++.......             (no ring)
HPRegen  0.07/turn              (no ring)
MPRegen  0.10/turn              (no ring)
                                (no ring)
                                (no ring)

@: no status effects
A: almost no armour, stealthy swim, amphibious, 8 rings, constrict 8, camouflage
1, gelatinous body 1
a: Renounce Religion


You were on level 3 of the Dungeon.
You worshipped Vehumet.
Vehumet was noncommittal.
You visited 1 branch of the dungeon, and saw 3 of its levels.

You collected 156 gold pieces.

Inventory:

Hand Weapons
 d - a +0 hand axe (weapon)
Missiles
 a - 20 sling bullets
 c - 55 stones (quivered)
 f - 17 poisoned darts
Scrolls
 e - a scroll of remove curse {unknown}
 g - 2 scrolls of blinking {unknown}
 i - 3 scrolls of identify {unknown}
 j - 3 scrolls of amnesia {unknown}
Potions
 b - 2 potions of degeneration {unknown}
 h - a potion of curing {unknown}


   Skills:
 * Level 2.6 Dodging
 + Level 3.2 Stealth
 - Level 2.0 Spellcasting
 + Level 1.4 Transmutations
 * Level 4.2 Poison Magic


You had 3 spell levels left.
You knew the following spells:

 Your Spells              Type           Power        Failure   Level
a - Sting                 Tmut/Pois      ##..         5%          1
b - Poisonous Vapours     Pois/Air       #.....       12%         2

Your spell library contained the following spells:

 Spells                   Type           Power        Failure   Level
 Ignite Poison            Fire/Tmut/Pois #.......     26%         3
 Mephitic Cloud           Conj/Pois/Air  #.......     30%         3
 Olgreb's Toxic Radiance  Pois           ###.....     32%         4


Dungeon Overview and Level Annotations

Branches:
Dungeon (3/15)

Altars:
Hepliaklqana
Vehumet
Xom

Annotations:
D:3 Natasha


Innate Abilities, Weirdness & Mutations

You cannot wear most types of armour.
You are very stealthy in the water. (Stealth+)
You are amphibious.
You can wear up to eight rings at the same time.
You can use your tentacles to constrict eight enemies at once.
Your skin changes colour to match your surroundings (Stealth+).
Your rubbery body absorbs attacks. (AC +1, EV +1)


Message History

Natasha barely misses you.
You hit Natasha but do no damage. Your grab misses Natasha.
Your squeeze misses Natasha.
Natasha mewls in sadness.
Natasha misses you. The bat closely misses you.
Natasha extends her claws.
Natasha claws you.
You hit the bat but do no damage. Your grab misses the bat.
The bat is moderately wounded.
You miss Natasha. The bat hits you. The bat barely misses you.
Natasha barely misses you.
You closely miss Natasha. Your grab misses Natasha. You hit the bat.
You kill the bat!
Vehumet accepts your kill. Natasha claws you.
You hit Natasha but do no damage. Your grab misses Natasha.
Your squeeze misses Natasha. Natasha claws you!
* * * LOW HITPOINT WARNING * * *
Natasha claws you.
You die...

.7. .. .. ##.
... ##.##
##.h.######
#.†@.......
#....######
#.#.## #.#.#
# #.# #.#.#
#.#.#########
#...(.......#
###.#######.#


You could see Natasha.

Vanquished Creatures
  A dart slug (D:3)
  3 giant cockroaches
  4 hobgoblins
  4 jackals (D:1)
  5 bats
  A frilled lizard (D:1)
  3 goblins
  3 kobolds
  5 rats
29 creatures vanquished.

Notes
Turn   | Place    | Note
-------+----------+-------------------------------------------
     0 | D:1      | MrRokkomies the Octopode Venom Mage began the quest for the
                  | Orb.
     0 | D:1      | Reached XP level 1. HP: 11/11 MP: 3/3
   471 | D:1      | Reached XP level 2. HP: 17/17 MP: 3/5
   746 | D:1      | Reached skill level 4 in Poison Magic
  1118 | D:2      | Learned a level 2 spell: Poisonous Vapours
  1230 | D:2      | Reached XP level 3. HP: 21/21 MP: 6/6
  1283 | D:2      | Found a hazy altar of Hepliaklqana.
  1283 | D:2      | Found a radiant altar of Vehumet.
  1283 | D:2      | Found a shimmering altar of Xom.
  1492 | D:2      | Became a worshipper of Vehumet
  1887 | D:3      | Noticed Natasha
  1894 | D:3      | Slain by Natasha

Illustrated notes

Levels and vault maps discovered:
D:1:      noname_arrival_rooms_in_the_neighbourhood, layout_rooms,
          minmay_misc_feat_room, minmay_bisected
D:2:      layout_loops_ring, chequers_temple_overflow_statue_of_worship
D:3:      layout_loops_ring, chequers_ecumenical_altar_simple_redux,
          uniq_natasha, uniq_sigmund, uniq_crazy_yiuf_cottage

Skill      XL: |  1  2 |
---------------+-------+-----
Stealth        | 3 |  3.2
Poison Magic   | 4 |  4.2
Dodging        | |  2.6
Spellcasting   | |  2.0
Transmutations | |  1.4

Action                   || total
-------------------------++-------
Melee: Unarmed           ||    10
       Constrict         ||    17
       Tentacles         ||    10
       Hand axe          ||    45
 Cast: Sting             ||     6
 Stab: Sleeping          ||     8
Armor: Skin              ||     3
Dodge: Dodged            ||    43

Table legend: (Time is in decaauts)
 A = Elapsed time spent in this place.
 B = Non-inter-level travel time spent in this place.
 C = Inter-level travel time spent in this place.
 D = Time resting spent in this place.
 E = Time spent auto-exploring this place.
 F = Levels seen in this place.
 G = Mean time per level.
                   A        B        C        D        E       F      G
               +--------+--------+--------+--------+--------+-----+--------+
         Total |   1906 |   1810 |     96 |      0 |   1630 |   3 |  635.3 |
       Dungeon |   1906 |   1810 |     96 |      0 |   1630 |   3 |  635.3 |
               +--------+--------+--------+--------+--------+-----+--------+

Top non-repeatable levels by time:
     D:1: 1121 daAuts
     D:2: 735 daAuts
     D:3: 49 daAuts
